 Dungeon Crawl Stone Soup version 0.31.0 (webtiles) character file.

Game seed: 8334281788418097114

1236 gelatine the Chopper (level 8, 0/61 HPs)
             Began as a Demonspawn Fighter on Jan 20, 2024.
             Slain by a steam dragon (2 damage)
             ... on level 6 of the Dungeon.
             The game lasted 00:14:10 (5161 turns).

gelatine the Chopper (Demonspawn Fighter)           Turns: 5161, Time: 00:14:10

Health: 0/61       AC:  4    Str: 19    XL:     8   Next: 24%
Magic:  8/8        EV: 12    Int: 14    God:
Gold:   226        SH:  5    Dex: 13    Spells: 4/7 levels left

rFire   . . .        a - +1 war axe
rCold   . . .        c - +0 buckler
rNeg    . . .        (no body armour)
rPois   .            (no helmet)
rElec   .            (no cloak)
rCorr   .            h - +0 pair of gloves
SInv    .            m - +0 pair of boots
Will    .....        k - amulet of the acrobat
Stlth   ++           g - ring of flight
HPRegen 0.30/turn    j - +6 ring of intelligence
MPRegen 0.11/turn

%: acrobat
@: flying
A: claws 1, thin metallic scales 1
a: no special abilities


You were on level 6 of the Dungeon.
You visited 2 branches of the dungeon, and saw 7 of its levels.

You collected 226 gold pieces.

Inventory:

Hand Weapons
 a - a +1 war axe (weapon)
 d - a +0 war axe
 l - a +4 flail
 n - the +2 mace of the Establishment {heavy, Str+3 Dex+6}
   (You found it on level 2 of the Dungeon)

   Str+3:     It affects your strength (+3).
   Dex+6:     It affects your dexterity (+6).
Missiles
 w - a boomerang
 z - 4 javelins (quivered)
Armour
 b - a +0 scale mail
 c - a +0 buckler (worn)
 h - a +0 pair of gloves (worn)
 m - a +0 pair of boots (worn)
 p - the +1 robe of Gozag's Condemnation {rC- Int+7 SInv}
   (You found it on level 3 of the Dungeon)

   Int+7:     It affects your intelligence (+7).
   rC-:       It makes you vulnerable to cold.
   SInv:      It lets you see invisible.
Jewellery
 g - a ring of flight (left hand)
 j - a +6 ring of intelligence (right hand)
 k - an amulet of the acrobat (around neck)
Wands
 A - a wand of mindburst (21)
Scrolls
 f - 2 scrolls of immolation
 s - a scroll of amnesia
 t - a scroll of fear {unknown}
 v - a scroll of teleportation {unknown}
 y - a scroll of enchant weapon
Potions
 e - a potion of brilliance
 i - 3 potions of degeneration {unknown}
 o - 2 potions of heal wounds {unknown}
 q - 2 potions of invisibility {unknown}
 r - a potion of cancellation {unknown}
 u - a potion of lignification {unknown}
 x - a potion of curing {unknown}


   Skills:
 * Level 4.4 Fighting
 * Level 5.5 Axes
 + Level 1.0 Throwing
 * Level 5.1 Armour
 * Level 3.0 Dodging
 + Level 0.9 Stealth
 * Level 4.3 Shields


You had 4 spell levels left.
You knew the following spells:

 Your Spells              Type           Power      Damage    Failure   Level
a - Passwall              Erth           0%         N/A       71%         3

Your spell library contained the following spells:

 Spells                   Type           Power      Damage    Failure   Level
 Kiss of Death            Conj/Necr      0%         2d5       34%         1
 Sandblast                Erth           0%         2d4       34%         1
 Confusing Touch          Hex            0%         N/A       71%         3
 Stone Arrow              Conj/Erth      0%         3d7       71%         3
 Brom's Barrelling Bould  Conj/Erth      0%         2d3       98%         4
 Dispel Undead            Necr           0%         3d6       98%         4
 Haunt                    Necr/Summ      0%         N/A       100%        7
 Borgnjor's Revivificati  Necr           0%         N/A       100%        8
 Death's Door             Necr           0%         N/A       100%        9


Dungeon Overview and Level Annotations

Branches:
Dungeon (6/15)             Temple (1/1) D:5

Altars:
Ashenzari
Fedhas
Gozag
Kikubaaqudgha
Makhleb
Nemelex Xobeh
Qazlal
Ru
Sif Muna
Trog
Uskayaw
Vehumet
Wu Jian
Yredelemnul

Shops:
D:4 ((

Annotations:
D:4 2 transporters, Menkaure
Temple 2 transporters


Innate Abilities, Weirdness & Mutations

You have sharp fingernails.
You are partially covered in thin metallic scales. (AC +2)


Message History

Your Throwing skill increases to level 1!
Your Dodging skill increases to level 3!
You see here a sky beast corpse.
z - 5 javelins (gained 3)
A steam dragon comes into view.
You throw a javelin.
The javelin closely misses the steam dragon.
The steam dragon breathes steam at you. The ball of steam hits you!
You hear a shout! x2
The steam dragon bites you. The steam dragon barely misses you.
You hit the steam dragon but do no damage.
The steam dragon bites you.
The steam dragon claws you but does no damage.
You hit the steam dragon but do no damage.
The steam dragon bites you!
The steam dragon claws you but does no damage.
An orc comes into view. It is wielding a +0 dagger.
You barely miss the steam dragon.
An orc comes into view. It is wielding a +0 club.
The steam dragon bites you!
The steam dragon claws you but does no damage.
The steam dragon bites you. The steam dragon misses you.
The steam dragon breathes steam at you. The ball of steam misses you.
You hear a shout! x2
You barely miss the steam dragon.
You are engulfed in a cloud of scalding steam.
* * * LOW HITPOINT WARNING * * *
The steam dragon bites you but does no damage.
The steam dragon misses you.
Unknown command.
The orc shouts!
The steam dragon completely misses you. x2
You slash the steam dragon!
The steam dragon is moderately wounded.
The steam dragon bites you!
* * * LOW HITPOINT WARNING * * *
The steam dragon claws you.
You die...

### ..# #.### #... #..#
#..# #########
######..###........
#.........#.#######
###.####@.#§........#
....§..§Do###.#.....###..
.##.#####.##............
#o##..#.....###
#(##..#.....#
#.##..###.†##
#.##..####.#
.##.......##♣♣♣
#.####......♣


You could see a steam dragon and 2 orcs.

Vanquished Creatures
  Grinder (D:5)
  Sigmund (D:5)
  An ice beast (D:5)
  3 sky beasts
  An ogre (D:5)
  A bombardier beetle (D:4)
  3 hounds
  An orc priest (D:4)
  3 orc wizards
  11 adders
  A shadow imp (D:5)
  A white imp (D:5)
  A dart slug (D:3)
  4 ribbon worms
  17 orcs
  5 ball pythons
  3 endoplasms
  4 giant cockroaches
  9 goblins
  9 hobgoblins
  3 jackals (D:4)
  6 quokkas
  4 bats
  4 frilled lizards
  2 kobolds
  5 rats
104 creatures vanquished.

Notes
Turn   | Place    | Note
-------+----------+-------------------------------------------
     0 | D:1      | gelatine the Demonspawn Fighter began the quest for the
                  | Orb.
     0 | D:1      | Reached XP level 1. HP: 18/18 MP: 1/1
   139 | D:1      | Gained mutation: You have sharp fingernails. [demonic
                  | ancestry]
   139 | D:1      | Reached XP level 2. HP: 19/24 MP: 2/2
   907 | D:2      | Reached XP level 3. HP: 27/29 MP: 3/3
  1098 | D:2      | Identified the +2 mace of the Establishment {heavy, Str+3
                  | Dex+6}
  1530 | D:2      | Identified the +2 sling "Xisul" {flame, Will+ Dex+2 Stlth+}
  1778 | D:3      | Reached XP level 4. HP: 35/35 MP: 4/4
  2035 | D:3      | Found an ornate altar of the Wu Jian Council.
  2316 | D:3      | Identified the +1 robe of Gozag's Condemnation {rC- Int+7
                  | SInv}
  2341 | D:3      | Reached XP level 5. HP: 40/41 MP: 5/5
  2729 | D:4      | Found Viuf's Antique Weapon Shoppe.
  2879 | D:4      | Reached skill level 1 in Dodging
  3038 | D:4      | Found Ygiul's Antique Weapon Boutique.
  3180 | D:4      | Noticed a phantom
  3184 | D:4      | Found a basalt altar of Yredelemnul.
  3185 | D:4      | Found a transporter.
  3188 | D:4      | Noticed Menkaure
  3202 | D:4      | Found an ancient bone altar of Kikubaaqudgha.
  3217 | D:4      | Found a transporter.
  3264 | D:4      | Gained mutation: You are partially covered in thin metallic
                  | scales. (AC +2) [demonic ancestry]
  3264 | D:4      | Reached XP level 6. HP: 27/47 MP: 6/6
  3481 | D:4      | Noticed a sky beast
  3500 | D:4      | Killed a sky beast
  3817 | D:5      | Entered Level 5 of the Dungeon
  3877 | D:5      | Noticed a sky beast
  3901 | D:5      | Killed a sky beast
  4044 | D:5      | Noticed an ice beast
  4055 | D:5      | Killed an ice beast
  4056 | D:5      | Reached XP level 7. HP: 32/53 MP: 7/7
  4446 | D:5      | Noticed Grinder
  4448 | D:5      | Noticed Sigmund
  4474 | D:5      | Killed Sigmund
  4475 | D:5      | Reached skill level 5 in Axes
  4478 | D:5      | Killed Grinder
  4479 | D:5      | Reached skill level 5 in Armour
  4479 | D:5      | Reached XP level 8. HP: 30/61 MP: 8/8
  4658 | D:5      | Found a staircase to the Ecumenical Temple.
  4668 | Temple   | Found a transporter.
  4668 | Temple   | Found a transporter.
  4668 | Temple   | Found a transporter.
  4668 | Temple   | Found a transporter.
  4668 | Temple   | Entered the Ecumenical Temple
  4898 | D:5      | Learned a level 3 spell: Passwall
  5138 | D:6      | Reached skill level 1 in Throwing
  5161 | D:6      | HP: 2/61 [steam dragon (7)]
  5161 | D:6      | Slain by a steam dragon

Illustrated notes

Levels and vault maps discovered:
D:1:      heliophobic_arrival_henge, layout_loops_ring, minivault_27,
          hangedman_decor_diamond_cutter
D:2:      layout_loops_cross
D:3:      layout_basic, pdpol_wu_jian_five_deadly_venoms,
          nicolae_underground_beach
D:4:      nicolae_cairo_tiling_very_big, layout_basic,
          gammafunk_temple_of_torment, serial_shops, shop,
          nicolae_shop_advertising_works [nicolae_subvault_shop_adworks],
          wad_orctagon
D:5:      layout_rooms, zin_scriptorium, temple_hall, grunt_ministairs_9,
          uniq_grinder, uniq_sigmund
D:6:      layout_loops_ring, st_stairs_1, minmay_joined_circles, uniq_jeremiah,
          uniq_duvessa, uniq_crazy_yiuf_cottage
Temple:   hellmonk_temple_divided_pantheon

Skill      XL: |  1  2  3  4  5  6  7  8 |
---------------+-------------------------+-----
Axes           | 2 3 4 5 |  5.5
Armour         | 3 4 5 |  5.1
Shields        | 3 4 |  4.3
Dodging        | 1 2 3 |  3.0
Fighting       | 4 |  4.4
Throwing       | 1 |  1.0
Stealth        | |  0.9

Action                     |  1- 3 |  4- 6 |  7- 9 || total
---------------------------+-------+-------+-------++-------
  Melee: War axe           |   103 |   199 |    75 ||   377
  Throw: Javelin           |     3 |     5 |    19 ||    27
  Evoke: Wand              |       |       |     1 ||     1
    Use: Scroll            |       |     4 |       ||     4
         Potion            |       |       |     1 ||     1
 Armour: Scale mail        |   100 |   155 |    73 ||   328
         Skin              |       |       |    16 ||    16
  Dodge: Dodged            |    52 |    96 |    49 ||   197
  Block: Buckler           |    30 |    46 |    23 ||    99
